 Dungeon Crawl Stone Soup version 0.31-a0-1388-g4b2ba238e7 (webtiles) character file.

Game seed: 7752626991948644002

53 timneilson the Covered (level 3, 0/23 HPs)
             Began as a Gargoyle Fighter on Dec 25, 2023.
             Was an Initiate of Makhleb.
             Killed by divine providence
             ... invoked by an orc priest
              (16 damage)
             ... on level 3 of the Dungeon.
             The game lasted 00:01:50 (1365 turns).

timneilson the Covered (Gargoyle Fighter)           Turns: 1365, Time: 00:01:51

Health: 0/23       AC: 12    Str: 19    XL:     3   Next: 87%
Magic:  3/3        EV:  7    Int:  8    God:    Makhleb [......]
Gold:   86         SH:  4    Dex: 11    Spells: 2/2 levels left

rFire   + . .        a - +0 long sword
rCold   . . .        c - +0 buckler
rNeg    + . .        e - +0 chain mail
rPois   ∞            (no helmet)
rElec   +            (no cloak)
rCorr   .            (no gloves)
SInv    .            (no boots)
Will    .....        (no amulet) Stlth
                     i - ring of protection from fire
HPRegen 0.23/turn    (no ring)
MPRegen 0.08/turn

%: no passive effects
@: no status effects
A: sickness immunity, AC +3, negative energy resistance 1, electricity
resistance, torment resistance 1, petrification resistance
a: Renounce Religion


You were on level 3 of the Dungeon.
You worshipped Makhleb.
Makhleb was noncommittal.
You visited 1 branch of the dungeon, and saw 3 of its levels.

You collected 86 gold pieces.

Inventory:

Hand Weapons
 a - a +0 long sword (weapon)
Armour
 c - a +0 buckler (worn)
 e - a +0 chain mail (worn)
Jewellery
 i - a ring of protection from fire (left hand)
Potions
 d - a potion of might
 f - 2 potions of heal wounds
 g - 2 potions of mutation
 h - a potion of curing {unknown}
 k - a potion of cancellation {unknown}


   Skills:
 + Level 3.5 Fighting
 * Level 2.4 Long Blades
 * Level 3.8 Armour
 + Level 0.5 Dodging
 * Level 3.8 Shields
 + Level 0.0 Invocations


You had 2 spell levels left.
You didn't know any spells.
Your spell library contained the following spells:

 Spells                   Type           Power      Damage    Failure   Level
 Sandblast                Erth           0%         2d4       99%         1
 Ensorcelled Hibernation  Hex/Ice        0%         N/A       100%        2
 Passwall                 Alch/Erth      0%         N/A       100%        2
 Fugue of the Fallen      Necr           0%         N/A       100%        3
 Stone Arrow              Conj/Erth      0%         3d7       100%        3
 Anguish                  Hex/Necr       0%         N/A       100%        4
 Brom's Barrelling Bould  Conj/Erth      0%         2d3       100%        4


Dungeon Overview and Level Annotations

Branches:
Dungeon (3/15)

Altars:
Makhleb

Shops:
D:1 [   D:2 ?


Innate Abilities, Weirdness & Mutations

You are immune to sickness and miasma.
Your stone body is resilient. (AC +3)
You are immune to poison.
You resist negative energy. (rN+)
You are resistant to electric shocks. (rElec)
You are resistant to unholy torment.
You are immune to petrification.


Message History

You block the jackal's attack.
You closely miss the jackal. You block the jackal's attack.
The jackal bites you but does no damage.
You slash the jackal!
You kill the jackal!
You see here a jackal corpse.
Found a chain mail.
You see here a +0 chain mail.
e - a +0 chain mail You start removing your armour.
You continue taking off your +0 scale mail. x4
You finish taking off your +0 scale mail.
You start putting on your armour.
You continue putting on your +0 chain mail. x5
You finish putting on your +0 chain mail.
You drop a +0 scale mail.
i - a ring of protection from fire (left hand)
You hear the slow rusting of a distant drain.
You now have 86 gold pieces (gained 16).
Found a whip.
Found a burning altar of Makhleb.
There is a burning altar of Makhleb here.
Things that are here:
a +0 whip; a +0 robe You kneel at the altar of Makhleb.
Makhleb welcomes you! 2 orcs and an orc priest come into view.
The orc shouts!
The orc priest shouts!
You hear a shout!
The orc moves out of view.
An orc priest comes into view. It is wielding a +0 falchion.
The orc priest mumbles some strange prayers to Beogh against you.
Beogh smites you!
An orc comes into view. It is wielding a +0 mace.
You slash the orc!
You kill the orc!
Makhleb accepts your kill.
You hear the slow rusting of a drain nearby.
The orc priest invokes the aid of Beogh against you.
Beogh smites you!
Ouch! That really hurt!
You die...

#...#...........
..
##..###.########
#. ##.# #.# ..
#.# #.# o #.#
#.# #. #.# #..
#.### #.# ###
#oo.# #.#
#@###.# #...#.#
###.#.# #.#.#
#.#.# #.#.#
#...# ##..# #..#


You could see 2 orc priests and an orc.

Vanquished Creatures
  Terence (D:2)
  An adder (D:2)
  A dart slug (D:2)
  An orc (D:3)
  2 endoplasms (D:2)
  2 giant cockroaches
  A hobgoblin (D:1)
  3 jackals (D:3)
  A kobold (D:2)
  A bat (D:2)
  2 goblins
  A rat (D:1)
17 creatures vanquished.

Notes
Turn   | Place    | Note
-------+----------+-------------------------------------------
     0 | D:1      | timneilson the Gargoyle Fighter began the quest for the
                  | Orb.
     0 | D:1      | Reached XP level 1. HP: 14/14 MP: 1/1
   212 | D:1      | Found Wadegune's Armour Shop.
   759 | D:2      | Found Onoc's Magic Scroll Shop.
   785 | D:2      | Reached XP level 2. HP: 17/19 MP: 2/2
   935 | D:2      | Noticed Terence
   960 | D:2      | Killed Terence
   961 | D:2      | Reached XP level 3. HP: 21/23 MP: 3/3
  1335 | D:3      | Found a burning altar of Makhleb.
  1341 | D:3      | Became a worshipper of Makhleb the Destroyer
  1365 | D:3      | Killed from afar by an orc priest

Illustrated notes

Levels and vault maps discovered:
D:1:      dpeg_arrival_chambers_temple_mockup, layout_basic, serial_shops, shop
D:2:      layout_loops_cross, serial_shops, shop, uniq_terence
D:3:      layout_basic, bloody_makhleb, portal_sewer_entry_b,
          nicolae_shop_unique_rings

Skill      XL: |  1 |
---------------+----+-----
Long Blades    | 2 |  2.4
Fighting       | |  3.5
Armour         | |  3.8
Dodging        | |  0.5
Shields        | |  3.8

Action                     || total
---------------------------++-------
  Melee: Long sword        ||    66
    Use: Scroll            ||     5
 Armour: Scale mail        ||    46
  Dodge: Dodged            ||    30
  Block: Buckler           ||    16

Table legend: (Time is in decaauts)
 A = Elapsed time spent in this place.
 B = Non-inter-level travel time spent in this place.
 C = Inter-level travel time spent in this place.
 D = Time resting spent in this place.
 E = Time spent auto-exploring this place.
 F = Levels seen in this place.
 G = Mean time per level.
                   A        B        C        D        E       F      G
               +--------+--------+--------+--------+--------+-----+--------+
         Total |   1385 |   1325 |     60 |      0 |   1091 |   3 |  461.7 |
       Dungeon |   1385 |   1325 |     60 |      0 |   1091 |   3 |  461.7 |
               +--------+--------+--------+--------+--------+-----+--------+

Top non-repeatable levels by time:
     D:2: 643 daAuts
     D:1: 643 daAuts
     D:3: 99 daAuts
